 Dungeon Crawl Stone Soup version 0.27-a0-1140-g099f9bb0e8 (webtiles) character file.

Game seed: 5813132696484526944

77 speeev the Skirmisher (level 4, 0/41 HPs)
             Began as a Hill Orc Fighter on May 8, 2021.
             Killed from afar by Natasha (3 damage)
             ... with a magic dart
             ... on level 2 of the Dungeon.
             The game lasted 00:02:31 (1536 turns).

speeev the Skirmisher (Hill Orc Fighter)            Turns: 1536, Time: 00:02:31

Health: 0/41       AC:  6    Str: 19    XL:     4   Next: 34%
Magic:  4/4        EV:  7    Int:  8    God:
Gold:   84         SH:  9    Dex: 10    Spells: 3/3 levels left

rFire    . . .     SeeInvis +   a - +0 war axe
rCold    . . .     Faith    .   c - +0 kite shield
rNeg     . . .     Spirit   .   b - +0 scale mail
rPois    .         Reflect  .   (no helmet)
rElec    .         Harm     .   (no cloak)
rCorr    .         Rampage  .   (no gloves)
Will     .....                  (no boots)
Stlth    ..........             (no amulet)
HPRegen  0.13/turn              g - ring of see invisible
MPRegen  0.09/turn              (no ring)

@: mighty, slowed, very slow
A: no striking features
a: no special abilities


You were on level 2 of the Dungeon.
You visited 1 branch of the dungeon, and saw 2 of its levels.

You collected 84 gold pieces.

Inventory:

Hand Weapons
 a - a +0 war axe (weapon)
Missiles
 i - 2 throwing nets (quivered)
Armour
 b - a +0 scale mail (worn)
 c - a +0 kite shield (worn)
Jewellery
 g - a ring of see invisible (left hand)
Scrolls
 e - a scroll of immolation {unknown}
 f - a scroll of blinking {unknown}
 j - a scroll of enchant weapon {unknown}
 k - a scroll of brand weapon {unknown}
Potions
 h - a potion of resistance {unknown}
 l - a potion of flight {unknown}


   Skills:
 + Level 4.5 Fighting
 + Level 4.0 Axes
 - Level 3.2 Armour
 + Level 4.2 Shields


You had 3 spell levels left.
You didn't know any spells.
Your spell library was empty.

Dungeon Overview and Level Annotations

Branches:
Dungeon (2/15)

Altars:

Annotations:
D:2 Natasha


Message History

The goblin barely misses you.
Natasha stares at you and mumbles some strange words.
The magic dart hits you.
The goblin hits you with a +2 dagger of speed.
The crimson imp hits you. Natasha claws you! The goblin barely misses you.
You hit Natasha.
Natasha is almost dead.
You miss the crimson imp. You barely miss the goblin.
You block the crimson imp's attack. You block the goblin's attack.
Natasha claws you.
* * * LOW HITPOINT WARNING * * *
The goblin barely misses you.
The crimson imp hits you but does no damage.
You feel very mighty all of a sudden. Natasha casts a spell at you.
You feel yourself slow down. The goblin closely misses you.
The crimson imp blinks!
You completely miss Natasha.
Natasha is almost dead.
You hit the goblin.
You kill the goblin!
You slash the crimson imp!
Natasha casts a spell.
The crimson imp hits you but does no damage.
Natasha hisses.
You block Natasha's attack. The crimson imp barely misses you.
The crimson imp hits you.
* * * LOW HITPOINT WARNING * * *
Natasha claws you.
* * * LOW HITPOINT WARNING * * *
Your shield prevents you from hitting Natasha.
Natasha is almost dead.
You slash the crimson imp! You hit the crimson imp.
The crimson imp barely misses you.
The crimson imp blinks!
You block Natasha's attack.
Natasha mumbles some strange words.
Natasha shimmers violently.
Natasha casts a spell at you. The magic dart hits you.
You die...

#. #. ##
########################
........................
######.........†>...###
#.#########.......
####.##### #####.##
#..5@....# #.#
#..)h§...# #######.##
#...5....# #....##..#
#........# #.##.###.#
#........# #.##.# #..
####5##### #.##.# ##.
#.# #.##.# #. #.#
#)##.####. #.##......


You could see Natasha and 3 crimson imps.

Vanquished Creatures
  An adder (D:2)
  3 worms (D:2)
  A dart slug (D:1)
  6 bats
  3 endoplasms
  5 giant cockroaches
  3 goblins
  4 hobgoblins
  10 jackals (D:1)
  8 ball pythons (D:1)
  2 frilled lizards (D:1)
  3 kobolds
  4 rats (D:1)
53 creatures vanquished.

Vanquished Creatures (others)
  A fungus (D:2)
  6 plants (D:2)
7 creatures vanquished.

Grand Total: 60 creatures vanquished

Notes
Turn   | Place    | Note
-------+----------+-------------------------------------------
     0 | D:1      | speeev the Hill Orc Fighter began the quest for the Orb.
     0 | D:1      | Reached XP level 1. HP: 19/19 MP: 1/1
   100 | D:1      | Reached XP level 2. HP: 27/27 MP: 2/2
   304 | D:1      | Reached XP level 3. HP: 19/33 MP: 3/3
   977 | D:2      | Reached XP level 4. HP: 37/41 MP: 4/4
  1040 | D:2      | Found a faded altar of an unknown god.
  1526 | D:2      | Noticed Natasha
  1536 | D:2      | Killed from afar by Natasha

Illustrated notes

Levels and vault maps discovered:
D:1:      grunt_arrival_crossed_arrows, layout_rooms
D:2:      layout_basic, shapermc_ecumenical_altar_mp_ritualfount, uniq_natasha,
          uniq_terence

Skill      XL: |  1  2  3  4 |
---------------+-------------+-----
Axes           | 3 4 |  4.0
Fighting       | 4 |  4.5
Shields        | 4 |  4.2
Armour         | |  3.2

Action                   |  1- 3 |  4- 6 || total
-------------------------+-------+-------++-------
Melee: War axe           |    99 |    41 ||   140
  Use: Potion            |       |     1 ||     1
Armor: Scale mail        |    51 |    14 ||    65
Dodge: Dodged            |    41 |    12 ||    53
Block: Kite shield       |    76 |    16 ||    92

Table legend: (Time is in decaauts)
 A = Elapsed time spent in this place.
 B = Non-inter-level travel time spent in this place.
 C = Inter-level travel time spent in this place.
 D = Time resting spent in this place.
 E = Time spent auto-exploring this place.
 F = Levels seen in this place.
 G = Mean time per level.
                   A        B        C        D        E       F      G
               +--------+--------+--------+--------+--------+-----+--------+
         Total |   1613 |   1592 |     21 |    158 |   1051 |   2 |  806.5 |
       Dungeon |   1613 |   1592 |     21 |    158 |   1051 |   2 |  806.5 |
               +--------+--------+--------+--------+--------+-----+--------+

Top non-repeatable levels by time:
     D:1: 898 daAuts
     D:2: 715 daAuts
